 Dungeon Crawl Stone Soup version 0.28-a0-245-g639a1a48b9 (webtiles) character file.

Game seed: 17514181353326568936

157559 robertstho the Warrior (level 17, -8/163 HPs)
             Began as a Grey Draconian Berserker on Aug 24, 2021.
             Was the Champion of Trog.
             Mangled by a naga warrior (24 damage)
             ... on level 3 of the Snake Pit.
             The game lasted 00:57:26 (39619 turns).

robertstho the Warrior (Grey Draconian Berserker)  Turns: 39619, Time: 00:57:27

Health: -8/163     AC: 29    Str: 20    XL:     17   Next: 12%
Magic:  15/15      EV: 13    Int: 11    God:    Trog [******]
Gold:   3732       SH: 12    Dex: 17    Spells: 16/16 levels left

rFire   + + .      SeeInvis +   B - +3 broad axe (flame)
rCold   . . .      Faith    .   G - +2 kite shield
rNeg    + . .      Spirit   .   (armour unavailable)
rPois   +          Reflect  .   X - +3 crown of Dyrovepreva {rElec Int+2 SInv}
rElec   +          Harm     .   F - +2 cloak {rF+}
rCorr   .          Rampage  .   R - +2 pair of gloves {archery}
Will    ++++.      Clarity  +   J - +1 pair of boots
Stlth   ++++++....              z - amulet of the Four Winds {rN+ Will+++ Clar}
HPRegen 0.37/turn               c - +4 ring of protection
MPRegen 0.14/turn               g - ring of the Elephant {rElec rPois rF+ Str-5 Dex+6}

@: on berserk cooldown, slowed, constricted, very slow
A: AC +14, amphibious, unfitting armour, cold-blooded, low mp 1
a: Renounce Religion, Berserk, Trog's Hand, Brothers in Arms


You were on level 3 of the Snake Pit.
You worshipped Trog.
Trog was exalted by your worship.
You visited 4 branches of the dungeon, and saw 27 of its levels.
You also visited: Bailey, Gauntlet, Ice Cave and Volcano.

You collected 4026 gold pieces.
You spent 294 gold pieces at shops.

Inventory:

Hand Weapons
 k - a +4 fustibalus of flaming
 B - a +3 broad axe of flaming (weapon)
 I - the +9 hunting sling "Gauz" {freeze, rCorr Dex+2}
   (You found it in a bailey)

   Any ammunition fired from it freezes those it strikes, dealing additional
   cold damage.
   It can also slow down cold-blooded creatures.
   Dex:       It affects your dexterity (+2).
   rCorr:     It protects you from acid and corrosion.
 L - a +1 antimagic broad axe
 N - a +6 executioner's axe of flaming
Missiles
 P - 375 stones
 S - 230 sling bullets
Armour
 n - a +0 cloak of stealth
 F - a +2 cloak of fire resistance (worn)
 G - a +2 kite shield (worn)
 J - a +1 pair of boots (worn)
 R - a +2 pair of gloves of archery (worn)
 X - the +3 crown of Dyrovepreva (worn) {rElec Int+2 SInv}
   (You acquired it on level 6 of the Lair of Beasts)

   Int:       It affects your intelligence (+2).
   rElec:     It insulates you from electricity.
   SInv:      It lets you see invisible.
Jewellery
 c - a +4 ring of protection (left hand)
 d - a ring of resist corrosion
 g - the ring of the Elephant (right hand) {rElec rPois rF+ Str-5 Dex+6}
   (You acquired it on level 3 of the Lair of Beasts)

   [ring of dexterity]

   Str:       It affects your strength (-5).
   Dex:       It affects your dexterity (+6).
   rF:        It protects you from fire.
   rElec:     It insulates you from electricity.
   rPois:     It protects you from poison.
 u - a +6 ring of strength
 w - the ring "Kupsiehu" {rElec Will+ Str+6 Slay-4}
   (You found it on level 6 of the Lair of Beasts)

   [ring of strength]

   Str:       It affects your strength (+6).
   Slay:      It affects your accuracy & damage with ranged weapons and melee
   (-4).
   rElec:     It insulates you from electricity.
   Will:      It increases your willpower.
 y - a +4 ring of protection
 z - the amulet of the Four Winds (around neck) {rN+ Will+++ Clar}
   (You found it in a Gauntlet)

   [amulet of nothing]

   rN:        It protects you from negative energy.
   Clar:      It protects you against confusion.
   Will:      It greatly increases your willpower.
 M - a +4 ring of evasion
 O - a ring of ice
Wands
 e - a wand of iceblast (12)
 h - a wand of acid (13)
 j - a wand of mindburst (47)
 A - a wand of digging (7)
 C - a wand of flame (20)
Scrolls
 b - 3 scrolls of enchant armour
 p - 4 scrolls of enchant weapon
 r - 4 scrolls of immolation
 v - 2 scrolls of silence
 x - 4 scrolls of fog
 D - 9 scrolls of teleportation
 E - a scroll of fear {unknown}
 Q - 5 scrolls of identify
 T - a scroll of brand weapon
 W - a scroll of magic mapping
Potions
 a - 6 potions of resistance
 f - 2 potions of lignification
 i - a potion of invisibility
 l - 9 potions of curing
 m - a potion of ambrosia
 o - 9 potions of cancellation
 q - 6 potions of haste
 s - 6 potions of flight
 t - a potion of magic
 H - 3 potions of mutation
 V - a potion of might
Miscellaneous
 U - a condenser vane


   Skills:
 * Level 17.8 Fighting
 + Level 14.4 Axes
 + Level 12.1 Slings
 + Level 10.7 Dodging
 * Level 13.3 Stealth
 + Level 5.5 Shields
 + Level 0.2 Evocations


You had 16 spell levels left.
You didn't know any spells.
Your spell library was empty.

Dungeon Overview and Level Annotations

Branches:
Dungeon (15/15)            Temple (0/1) D:5            Lair (6/6) D:11
  Swamp (0/4) Lair:3        Snake (4/4) Lair:4        Slime (0/5) Lair:6
    Orc (2/2) D:10            Elf (0/3) Orc:2        Vaults (0/5) D:14
 Depths (0/5) D:15         Bailey (visited)           IceCv (visited)
Volcano (visited)         Gauntlet (visited)

Altars:
Ashenzari
Dithmenos
Elyvilon
Gozag
Hepliaklqana
Kikubaaqudgha
Nemelex Xobeh
Okawaru
Trog
Uskayaw
Yredelemnul
Zin
Beogh

Shops:
D:9 (   D:10 [   Orc:2 (:(=   Snake:3 =   Snake:4 ?

Annotations:
Snake:2 2 runed translucent doors, Affed's ghost, adept TrGl


Innate Abilities, Weirdness & Mutations

Your dull iron-grey scales are very hard. (AC +14)
You are amphibious.
You cannot fit into any form of body armour.
You are cold-blooded and may be slowed by cold attacks.
Your magical capacity is low. (-10% MP)


Message History

* * * LOW HITPOINT WARNING * * *
You escape the naga warrior's grasp.
You feel sick. The naga warrior completely misses you.
The naga completely misses you. The naga misses you.
You climb upwards.
You feel a strong urge to attack something.
You feel sick.
There is a stone staircase leading down, spattered with blood here.
You slice the naga warrior!! You burn the naga warrior.
The naga warrior is severely wounded.
You closely miss the naga. You block the naga warrior's attack.
The naga warrior grabs you. The naga warrior constricts you.
You hit the naga warrior. You burn the naga warrior.
The naga warrior is severely wounded.
You hit the naga. You burn the naga.
You feel sick.
You are no longer poisoned.
The naga spits poison at you.
The splash of poison hits you but does no damage.
You resist. You block the naga warrior's attack.
The naga warrior constricts you.
* * * LOW HITPOINT WARNING * * *
You barely miss the naga warrior. You tail-slap the naga warrior.
The naga warrior is severely wounded.
You slash the naga! You burn the naga.
You are no longer berserk.
You are exhausted.
You feel yourself slow down. You block the naga's attack.
The naga warrior barely misses you. The naga warrior constricts you.
You closely miss the naga warrior.
The naga warrior is severely wounded.
Your shield prevents you from hitting the naga.
The naga warrior no longer looks unusually strong.
You block the naga's attack.
The naga warrior hits you with a +0 flail!
* * * LOW HITPOINT WARNING * * *
The naga warrior constricts you.
You feel better. The naga hits you with a +0 long sword!
* * * LOW HITPOINT WARNING * * *
The naga warrior hits you with a +0 flail!!
You die...

..#####.....##..8..##.....#......
....###.....##.....##.....#......
.##..##.....##.....##.....#......
.###.###.#.###.....###'#.##......
.###.....#...##.#+###..........).
............................<..).
###......##.###...#####..........
###......##.###.#.#####.###...###
#........##...#N@....#..###...#
#........#.>[[[)N........#.<..#
....####...................#..###
..#.###..............###.......##
#.#..................# ##..##....
..#####.#..........)## ##..##..##
#......<#.....##...#####....#....
..#######.#.......## #...##.#.###
### #.###.###.# #.####...# #


You could see a naga warrior and a naga (strong).

Vanquished Creatures
  Kirke (Lair:4)
  2 frost giants
  A minotaur (Gauntlet)
  An ettin (Orc:2)
  A fire dragon (Lair:6)
  Josephine (Lair:4)
  A rakshasa (D:14)
  6 boulder beetles
  2 ogre magi
  2 naga warriors (Snake:1)
  11 hydras
  5 anacondas
  11 two-headed ogres
  2 catoblepae
  2 death knights
  4 centaur warriors
  A two-headed ogre (shapeshifter) (D:15)
  9 death yaks
  A death scarab (Gauntlet)
  A tengu warrior (D:14)
  11 naga sharpshooters
  Urug (Orc:1)
  3 shock serpents
  A hell knight (Volcano)
  A spectral death yak (Gauntlet)
  3 sea snakes (Snake:3)
  A fire crab (Lair:6)
  A death drake (shapeshifter) (D:14)
  A spectral hydra (Gauntlet)
  3 naga ritualists (Snake:1)
  2 wizards (D:14)
  An orc knight (Orc:1)
  An orb spider (shapeshifter) (D:15)
  3 manticores
  12 ugly things
  4 deep elf pyromancers
  6 orc sorcerers
  8 mana vipers
  3 oklob plants (Lair:6)
  5 salamanders
  8 cyclopes
  Joseph (Lair:1)
  21 black mambas
  6 elephants
  An ice statue (IceCv)
  8 naga magi
  15 cane toads
  A molten gargoyle (Lair:6)
  4 kobold demonologists
  2 unseen horrors
  Psyche (D:10)
  2 ice devils (D:13)
  9 rime drakes
  19 komodo dragons
  An efreet (D:14)
  A komodo dragon (shapeshifter) (D:14)
  8 trolls
  9 polar bears
  9 blink frogs
  8 slime creatures
  6 flying skulls (Gauntlet)
  4 shadows
  15 wyverns
  53 yaks
  A spriggan (shapeshifter) (D:13)
  5 wraiths
  2 fire elementals (D:14)
  3 fire bats (Lair:5)
  13 basilisks
  A human (shapeshifter) (D:14)
  3 steam dragons
  11 vampire mosquitoes
  13 nagas
  9 wargs
  5 acid dragons
  5 hell hounds
  Duvessa (D:6)
  14 water moccasins
  11 orc warriors
  A black bear (Lair:2)
  7 ogres
  69 wolves
  12 centaurs
  2 necrophages
  A phantom (D:3)
  7 kobold brigands
  11 bullfrogs
  6 gnoll sergeants (Bailey)
  A scorpion (D:7)
  Dowan (D:6)
  A wyvern skeleton (D:7)
  4 killer bees
  A water moccasin skeleton (D:4)
  8 wights
  8 howler monkeys
  5 lava snakes (Lair:6)
  A bullfrog zombie (D:6)
  6 centaur zombies
  3 hounds
  7 orc priests
  A bullfrog skeleton (D:7)
  7 iguanas
  2 jellies (D:5)
  5 gnoll shamans (Bailey)
  38 orc wizards
  5 hell rats (Lair:5)
  Terence (D:3)
  2 howler monkey zombies
  19 gnolls
  6 adders
  3 shadow imps
  A white imp (D:7)
  An adder zombie (D:5)
  2 worms (D:2)
  2 dart slugs
  81 orcs
  4 endoplasms
  3 giant cockroaches
  11 goblins
  3 hobgoblins
  3 jackals (D:3)
  2 quokkas
  4 ball pythons
  A bat (D:2)
  2 frilled lizards
  16 kobolds
  7 rats
839 creatures vanquished.

Vanquished Creatures (collateral kills)
  The ghost of Tiah the Grappler, a journeyman TrMo of Jiyva (Lair:6)
  The ghost of Tocho the Basher, a journeyman MiFi of Makhleb (Lair:4)
  A naga warrior (Snake:2)
  A hydra (D:11)
  An anaconda (Snake:2)
  A two-headed ogre (D:11)
  A tengu warrior (D:11)
  2 naga sharpshooters (Snake:2)
  A cyclops (D:11)
  A moth of wrath (Lair:6)
  2 centaur zombies (D:10)
  A guardian serpent (Snake:2)
  A black mamba (Snake:2)
  A cane toad (Lair:6)
  A torpor snail (Lair:6)
  2 rime drakes
  A blink frog (Lair:6)
  2 dream sheep (Lair:6)
  A yak (D:11)
  A vampire (D:11)
  3 nagas
  An acid dragon (D:11)
  A water moccasin (Lair:6)
  3 orc warriors (D:10)
  A kobold brigand (D:11)
  3 gnoll sergeants
  A gnoll shaman (Bailey)
  An orc priest (D:10)
  An orc wizard (D:10)
  2 gnolls (D:10)
  2 orcs (D:10)
  A kobold (D:10)
44 creatures vanquished.

Vanquished Creatures (others)
  A molten gargoyle (Lair:6)
  4 humans (Lair:4)
  An orc wizard (Orc:2)
  A bush (Lair:2)
  38 fungi
  46 plants
  25 withered plants (Gauntlet)
116 creatures vanquished.

Grand Total: 999 creatures vanquished

Notes
Turn   | Place    | Note
-------+----------+-------------------------------------------
     0 | D:1      | robertstho the Draconian Berserker began the quest for the
                  | Orb.
     0 | D:1      | Reached XP level 1. HP: 19/19 MP: 1/1
   117 | D:1      | You fall into a shaft and drop 1 floor!
   191 | D:2      | Reached XP level 2. HP: 13/27 MP: 2/2
   355 | D:2      | Found an iron altar of Okawaru.
   724 | D:2      | Reached XP level 3. HP: 32/33 MP: 3/3
   933 | D:2      | Reached ** piety under Trog
   949 | D:2      | Reached skill level 1 in Stealth
  1027 | D:2      | Reached skill level 4 in Fighting
  1344 | D:3      | Noticed a phantom
  1361 | D:3      | Killed a phantom
  1362 | D:3      | Reached XP level 4. HP: 25/41 MP: 4/4
  1649 | D:3      | You fall into a shaft and drop 3 floors!
  1830 | D:6      | Reached XP level 5. HP: 47/47 MP: 5/5
  2064 | D:6      | Noticed a water moccasin
  2074 | D:6      | Killed a water moccasin
  2075 | D:6      | Reached skill level 5 in Fighting
  2075 | D:6      | Reached skill level 5 in Axes
  2075 | D:6      | Reached XP level 6. HP: 52/56 MP: 6/6
  2097 | D:5      | Entered Level 5 of the Dungeon
  2124 | D:5      | Found a hazy altar of Hepliaklqana.
  2124 | D:5      | Found a shadowy altar of Dithmenos.
  2373 | D:4      | Your scales start taking on a dull iron-grey colour.
  2373 | D:4      | Reached XP level 7. HP: 54/61 MP: 7/7
  2544 | D:3      | Noticed Terence
  2573 | D:3      | Killed Terence
  2993 | D:3      | Found a basalt altar of Yredelemnul.
  3197 | D:1      | Found a faded altar of an unknown god.
  3890 | D:5      | Reached *** piety under Trog
  3891 | D:5      | Reached skill level 6 in Fighting
  3941 | D:5      | Found a broken altar of Ashenzari.
  4264 | D:5      | Noticed a steam dragon
  4283 | D:5      | Killed a steam dragon
  4284 | D:5      | Reached XP level 8. HP: 35/70 MP: 8/8
  4287 | D:5      | Identified the +1 robe of Enormous Salvation {rF+ rN+
                  | Dex+2}
  4626 | D:5      | Found a faded altar of an unknown god.
  4628 | D:5      | Found a hide-covered altar of Uskayaw.
  4630 | D:5      | Found a sparkling altar of Nemelex Xobeh.
  4753 | D:5      | Found a staircase to the Ecumenical Temple.
  5288 | D:6      | Found an opulent altar of Gozag.
  5792 | D:6      | Found a glowing silver altar of Zin.
  5846 | D:6      | Found a runed translucent door.
  5886 | D:6      | Noticed Dowan
  5888 | D:6      | Noticed Duvessa
  5895 | D:6      | Killed Duvessa
  5896 | D:6      | Killed Dowan
  6585 | D:6      | Reached skill level 7 in Fighting
  6962 | D:7      | Reached **** piety under Trog
  6972 | D:7      | Reached skill level 5 in Stealth
  7010 | D:7      | Found a white marble altar of Elyvilon.
  7205 | D:7      | Reached XP level 9. HP: 59/77 MP: 9/9
  7370 | D:7      | Noticed a two-headed ogre
  7379 | D:7      | Killed a two-headed ogre
  7380 | D:7      | Reached skill level 8 in Fighting
  7380 | D:7      | Reached skill level 5 in Dodging
  9063 | D:9      | Reached skill level 9 in Fighting
  9425 | D:9      | Reached ***** piety under Trog
  9488 | D:9      | Reached XP level 10. HP: 81/91 MP: 10/10
  9846 | D:9      | Found an ancient bone altar of Kikubaaqudgha.
  9959 | D:9      | Found Sefok's Weapon Emporium.
 10254 | D:10     | Entered Level 10 of the Dungeon
 10318 | D:10     | Reached skill level 10 in Axes
 10324 | D:10     | Reached skill level 1 in Shields
 10351 | D:10     | Found a staircase to the Orcish Mines.
 10360 | D:10     | Noticed Psyche
 10373 | D:10     | Killed Psyche
 10448 | D:10     | Found Hemowius's Armour Shoppe.
 10469 | D:10     | Received a gift from Trog
 10470 | D:10     | Reached skill level 10 in Fighting
 10490 | D:10     | Found a flagged portal.
 10498 | Bailey   | Entered a bailey
 11379 | Bailey   | Identified the +9 hunting sling "Gauz" {freeze, rCorr
                  | Dex+2}
 11555 | D:10     | Bought a +2 pair of gloves for 231 gold pieces
 11555 | D:10     | Bought a +0 pair of boots for 63 gold pieces
 11895 | D:10     | Reached XP level 11. HP: 101/101 MP: 3/11
 12081 | D:11     | Noticed a six-headed hydra
 12100 | D:11     | Killed a 12-headed hydra
 12145 | D:11     | Gained mutation: Your magical capacity is low. (-10% MP) [a
                  | neqoxec]
 12233 | D:11     | Noticed a two-headed ogre
 12265 | D:11     | Killed a two-headed ogre
 12326 | D:11     | Found a gate leading to a gauntlet.
 12349 | Gauntlet | Entered a Gauntlet
 12349 | Gauntlet | Noticed a reaper
 12349 | Gauntlet | Found a transporter.
 12349 | Gauntlet | Found a transporter.
 12349 | Gauntlet | Found a transporter.
 12451 | Gauntlet | Found a transporter.
 12455 | Gauntlet | Found a transporter.
 12456 | Gauntlet | Noticed a death scarab
 12465 | Gauntlet | Found a transporter.
 12467 | Gauntlet | Noticed a death scarab
 12472 | Gauntlet | Found a transporter.
 12484 | Gauntlet | Found a transporter.
 12493 | Gauntlet | Found a transporter.
 12561 | Gauntlet | Found the amulet of the Four Winds {rN+ Will+++ Clar}
 12563 | Gauntlet | Found a transporter.
 12576 | Gauntlet | Found a transporter.
 12586 | Gauntlet | Found a transporter.
 12673 | Gauntlet | Reached skill level 11 in Fighting
 12870 | Gauntlet | Killed a death scarab
 13212 | Gauntlet | Noticed a minotaur
 13225 | Gauntlet | Killed a minotaur
 13371 | D:11     | Found a staircase to the Lair.
 13371 | D:11     | Noticed a two-headed ogre
 13371 | D:11     | Noticed a two-headed ogre
 13387 | D:11     | Killed a two-headed ogre
 13388 | D:11     | Reached XP level 12. HP: 78/110 MP: 3/10
 13394 | D:11     | Killed a two-headed ogre
 13765 | D:11     | Noticed a two-headed ogre
 13774 | D:11     | Killed a two-headed ogre
 13910 | D:11     | Noticed a frost giant
 13910 | D:11     | Noticed a tengu warrior
 13925 | D:11     | Killed a frost giant
 13933 | D:11     | Killed a tengu warrior
 13980 | D:11     | Reached skill level 12 in Fighting
 14712 | D:12     | Noticed a boulder beetle
 14736 | D:12     | Killed a boulder beetle
 15071 | D:12     | Noticed a two-headed ogre
 15073 | D:12     | Noticed a boulder beetle
 15082 | D:12     | Killed a two-headed ogre
 15097 | D:12     | Killed a boulder beetle
 15427 | D:12     | Noticed a boulder beetle
 15442 | D:12     | Killed a boulder beetle
 15652 | D:12     | Reached XP level 13. HP: 119/119 MP: 3/11
 16750 | D:13     | Found a frozen archway.
 16768 | D:13     | Reached skill level 13 in Fighting
 16776 | D:13     | Reached skill level 10 in Stealth
 16781 | IceCv    | Entered an ice cave
 17639 | IceCv    | Identified a scroll of acquirement
 18094 | IceCv    | Noticed a frost giant
 18145 | IceCv    | Killed a frost giant
 18153 | IceCv    | HP: 5/122 [polar bear (3)]
 18514 | IceCv    | Acquired a +0 cloak of stealth
 18793 | IceCv    | Found the +4 skin of Zhor {*Englaciate rC+++ SInv}
 19929 | Lair:1   | Entered Level 1 of the Lair of Beasts
 20133 | Lair:1   | Reached XP level 14. HP: 130/130 MP: 12/12
 20168 | Lair:1   | Reached skill level 1 in Slings
 20342 | Lair:1   | Reached skill level 14 in Fighting
 20479 | Lair:1   | Noticed Joseph
 20495 | Lair:1   | Killed Joseph
 21064 | Lair:2   | Found a shadowy altar of Dithmenos.
 21569 | Lair:2   | Received a gift from Trog
 22518 | Lair:3   | Reached skill level 5 in Slings
 22919 | Lair:3   | Acquired the ring of the Elephant {rElec rPois rF+ Str-5
                  | Dex+6}
 23404 | Lair:3   | Received a gift from Trog
 23425 | Lair:3   | Found a staircase to the Swamp.
 23729 | Lair:4   | Noticed Josephine
 23739 | Lair:4   | Killed Josephine
 24278 | Lair:4   | Noticed Kirke
 24289 | Lair:4   | Killed Kirke
 24290 | Lair:4   | Reached skill level 5 in Shields
 24328 | Lair:4   | Found a staircase to the Snake Pit.
 24521 | Lair:4   | Reached skill level 10 in Dodging
 24837 | Lair:4   | Found a runed translucent gate.
 24838 | Lair:4   | Found a runed translucent gate.
 24838 | Lair:4   | Noticed Tocho's ghost (journeyman MiFi)
 24839 | Lair:4   | Found a runed translucent gate.
 25223 | Lair:4   | Reached skill level 15 in Fighting
 25235 | Lair:4   | Killed Tocho's ghost
 25236 | Lair:4   | Reached XP level 15. HP: 66/141 MP: 4/13
 25541 | Lair:4   | Identified the +4 scimitar of Cioshroon {protect, rPois
                  | Will+}
 25836 | Lair:5   | Found a dark tunnel.
 25855 | Volcano  | Entered a volcano
 26074 | Volcano  | Received a gift from Trog
 27241 | Lair:6   | Entered Level 6 of the Lair of Beasts
 27304 | Lair:6   | Found a transporter.
 27314 | Lair:6   | Noticed Tiah's ghost (journeyman TrMo)
 27539 | Lair:6   | Found a staircase to the Slime Pits.
 27735 | Lair:6   | Found a transporter.
 27812 | Lair:6   | Received a gift from Trog
 28173 | Lair:6   | Found a large runed translucent door.
 28178 | Lair:6   | Found a large runed translucent door.
 28680 | Lair:6   | Killed Tiah's ghost
 28702 | Lair:6   | Identified the ring "Kupsiehu" {rElec Will+ Str+6 Slay-4}
 28988 | Lair:6   | Acquired a +1 hat of see invisible
 29002 | Lair:6   | Acquired the +3 crown of Dyrovepreva {rElec Int+2 SInv}
 29002 | Lair:6   | Found the +3 crown of Dyrovepreva {rElec Int+2 SInv}
 29156 | Orc:1    | Entered Level 1 of the Orcish Mines
 29271 | Orc:2    | Entered Level 2 of the Orcish Mines
 29277 | Orc:2    | Reached skill level 16 in Fighting
 29298 | Orc:2    | Found a bloodstained altar of Trog.
 29731 | Orc:2    | Found a staircase to the Elven Halls.
 29982 | Orc:2    | Received a gift from Trog
 30001 | Orc:2    | Found Ducraiwk's Jewellery Emporium.
 30020 | Orc:2    | Found Ukluwir's Antique Weapon Boutique.
 30086 | Orc:2    | Found Nipni's Book Emporium.
 30139 | Orc:2    | Found Iritte's Weapon Boutique.
 30574 | Orc:1    | Noticed Urug
 30579 | Orc:1    | Reached skill level 10 in Slings
 30593 | Orc:1    | Killed Urug
 31136 | D:14     | Received a gift from Trog
 31137 | D:14     | Reached XP level 16. HP: 151/151 MP: 14/14
 31619 | D:14     | Found a gate to the Vaults.
 32139 | D:15     | Entered Level 15 of the Dungeon
 32317 | D:15     | Found a staircase to the Depths.
 33955 | Snake:1  | Entered Level 1 of the Snake Pit
 34513 | Snake:1  | Reached skill level 17 in Fighting
 36146 | Snake:2  | Found a large runed translucent door.
 36146 | Snake:2  | Noticed Affed's ghost (adept TrGl)
 36147 | Snake:2  | Found a large runed translucent door.
 38022 | Snake:3  | Found Xonih's Jewellery Shoppe.
 38204 | Snake:3  | Reached ****** piety under Trog
 38471 | Snake:3  | Received a gift from Trog
 38472 | Snake:3  | Reached XP level 17. HP: 163/163 MP: 15/15
 39333 | Snake:4  | Entered Level 4 of the Snake Pit
 39353 | Snake:4  | Found Becuonn's Magic Scroll Emporium.
 39619 | Snake:3  | Mangled by a naga warrior

Illustrated notes

Levels and vault maps discovered:
D:1:      ncdulo_watergridlock, layout_rooms,
          shapermc_ecumenical_altar_rom_forum
D:2:      layout_loops_corners, basic_altar
D:3:      wad_pebble_path, layout_loops_ring, mainiacjoe_overflow_brackets,
          uniq_terence
D:4:      layout_cave_pools, minmay_misc_feat_five, corexii_corridor_pit
D:5:      layout_loops_ring, ashenzari_altar_1,
          chequers_temple_overflow_minitemple, temple_green, minmay_misc_feat_x,
          minmay_misc_feat_alley, minmay_hedge_maze
D:6:      layout_cave_pods, pdpol_temple_overflow_zin_treasury_gozag_greed,
          hangedman_decor_growths, hangedman_abyss_or_decor_lesser_grid,
          lightli_church_of_beogh, uniq_duvessa
D:7:      layout_loops_ring, kennysheep_mini_moat
D:8:      layout_loops_corners, hangedman_glass_teeth
D:9:      layout_basic, kiku_gazebo_pond_becter, serial_shops, shop,
          serial_corexii_hall, corexii_hall_statues_i, corexii_hall_statues_l
D:10:     layout_roguey, david_orc_3, serial_shops,
          nicolae_shop_temple_entry_statues_fountains, enter_bailey_7,
          minmay_circle_x, uniq_psyche
D:11:     nzn_winding_woodlands_medium [nzn_winding_woodlands_5x5_open_star,
          nzn_winding_woodlands_5x15_eye, nzn_winding_woodlands_5x5_closed_star,
          nzn_winding_woodlands_hourglass, nzn_winding_woodlands_center_lodge,
          nzn_winding_woodlands_5x5_cross, nzn_winding_woodlands_5x5_perimeter,
          nzn_winding_woodlands_5x15_twine, nzn_winding_woodlands_5x5_three],
          layout_basic, david_lair_generic, gauntlet_entry_generic,
          chequers_serial_rivers_large_a, due_unseen_surprise
D:12:     layout_basic
D:13:     layout_loops_corners, portal_ice_cave_demonic_guard
D:14:     cheibrodos_lost_city_excavation, layout_loops_ring, david_vaults_2
D:15:     hangedman_depths_entry_try_elsewhere_first, layout_irregular_city,
          serial_glass, glass_columns_c, glass_columns_a, feat_on_display,
          abandoned_shop
Lair:1:   layout_roguey, uniq_joseph
Lair:2:   layout_loops_ring, basic_altar, beast_lair_carwin_9,
          grunt_megastairs_4, lemuel_fruit_tree
Lair:3:   beast_lair_carwin_large_2, layout_cave_pods,
          minmay_swamp_entry_reptiles, grunt_forest_large_clearings
Lair:4:   layout_regular_city, minmay_snake_entry_guardpost_small,
          gammafunk_ghost_hydra_chop, grunt_megastairs_5,
          infiniplex_staircase_pool, uniq_kirke, uniq_josephine
Lair:5:   layout_concentric_octagons, special_room [special_room_mythical_zoo],
          nicolae_volcano_entry_batcave
Lair:6:   cheibrodos_lair_end_hotspot, layout_hall_layers,
          minmay_slime_entry_oklob_enclosed, gammafunk_ghost_berserking_beasts,
          lookout_lair_type
Snake:1:  cheibrodos_snake_ritualist_ritual, layout_chambers
Snake:2:  layout_chambers, ebering_ghost_disaster_area
Snake:3:  layout_rooms, serial_shops, shop, serial_bayou_shore_a,
          grunt_megastairs_3
Snake:4:  grunt_snake_rune_serpentine_throne, layout_onion_interference,
          serial_shops, shop, uniq_roxanne
Orc:1:    layout_caves, uniq_urug
Orc:2:    st_orc_town, layout_caves, basic_altar

Skill      XL: |  1  2  3  4  5  6  7  8  9 10 11 12 13 14 15 16 17 |
---------------+----------------------------------------------------+-----
Dodging        | 3 4 5 6 7 8 9 10 | 10.7
Stealth        | 1 2 3 5 6 7 8 9 10 11 12 13 | 13.3
Fighting       | 4 5 6 7 9 10 11 12 13 15 16 17 | 17.8
Axes           | 4 5 6 7 9 10 12 13 14 | 14.4
Shields        | 1 2 3 4 5 |  5.5
Slings         | 7 10 11 12 | 12.1
Evocations     | |  0.2

Action                   |  1- 3 |  4- 6 |  7- 9 | 10-12 | 13-15 | 16-18 || total
-------------------------+-------+-------+-------+-------+-------+-------++-------
Melee: Hand axe          |    89 |    66 |   451 |   213 |   536 |       ||  1355
       Tailslap          |    11 |     8 |    71 |    95 |   123 |     2 ||   310
       Broad axe         |       |       |       |   363 |    44 |     7 ||   414
       Executioner's axe |       |       |       |       |    11 |     7 ||    18
 Fire: Hunting sling     |       |       |       |       |  1410 |   783 ||  2193
Invok: Berserk           |     2 |     2 |    10 |    16 |    10 |     2 ||    42
       Brothers in Arms  |       |       |       |     5 |     4 |     1 ||    10
       Trog's Hand       |       |       |       |     5 |     1 |     1 ||     7
Evoke: Wand              |       |       |       |     4 |       |       ||     4
  Use: Scroll            |       |     2 |     6 |     5 |    26 |     2 ||    41
       Potion            |       |       |       |       |     4 |     3 ||     7
 Stab: Sleeping          |     2 |     1 |     8 |     5 |    13 |       ||    29
       Distracted        |       |       |       |     1 |     2 |       ||     3
Armor: Skin              |    23 |    29 |   219 |   440 |   494 |   115 ||  1320
Dodge: Dodged            |    58 |    38 |   274 |   447 |   912 |   209 ||  1938
Block: Buckler           |       |       |     5 |   114 |   208 |       ||   327
       Kite shield       |       |       |       |       |       |    69 ||    69

Table legend: (Time is in decaauts)
 A = Elapsed time spent in this place.
 B = Non-inter-level travel time spent in this place.
 C = Inter-level travel time spent in this place.
 D = Time resting spent in this place.
 E = Time spent auto-exploring this place.
 F = Levels seen in this place.
 G = Mean time per level.
                   A        B        C        D        E       F      G
               +--------+--------+--------+--------+--------+-----+--------+
         Total |  39359 |  36683 |   2676 |   4916 |  24772 |  31 | 1269.6 |
       Dungeon |  19164 |  17512 |   1652 |   2125 |  12366 |  15 | 1277.6 |
          Lair |   9102 |   8416 |    686 |    476 |   6043 |   6 | 1517.0 |
     Snake Pit |   5031 |   4790 |    241 |    566 |   3609 |   4 | 1257.8 |
  Orcish Mines |   1717 |   1622 |     95 |    133 |   1108 |   2 |  858.5 |
        Bailey |    974 |    974 |      0 |    593 |    147 |   1 |  974.0 |
      Ice Cave |   2009 |   2009 |      0 |    477 |   1004 |   1 | 2009.0 |
       Volcano |    300 |    300 |      0 |      0 |    205 |   1 |  300.0 |
      Gauntlet |   1058 |   1058 |      0 |    543 |    290 |   1 | 1058.0 |
               +--------+--------+--------+--------+--------+-----+--------+

Top non-repeatable levels by time:
     D:6: 2163 daAuts
   IceCv: 2009 daAuts
  Lair:3: 1945 daAuts
    D:11: 1877 daAuts
    D:12: 1731 daAuts
  Lair:6: 1725 daAuts
 Snake:1: 1675 daAuts
 Snake:2: 1662 daAuts
 Snake:3: 1635 daAuts
  Lair:4: 1600 daAuts
    D:15: 1528 daAuts
     D:5: 1503 daAuts
  Lair:5: 1360 daAuts
     D:2: 1312 daAuts
  Lair:1: 1260 daAuts
